 Dungeon Crawl Stone Soup version 0.29.1 (webtiles) character file.

Game seed: 13736769345492306532

96275 qw the Severer (level 15, -1/144 HPs)
             Began as a Minotaur Berserker on Sept 13, 2022.
             Was an Elder of Trog.
             Killed by divine providence
             ... invoked by an orc high priest
              (10 damage)
             ... on level 2 of the Orcish Mines.
             The game lasted 00:09:19 (24941 turns).

qw the Severer (Minotaur Berserker)                Turns: 24941, Time: 00:09:19

Health: -1/144     AC: 31    Str: 26    XL:     15   Next: 68%
Magic:  24/24      EV: 10    Int:  9    God:    Trog [****..]
Gold:   1326       SH: 20    Dex: 17    Spells: 14/14 levels left

rFire   + + .      SeeInvis .   f - +0 broad axe
rCold   + . .      Faith    .   q - +0 tower shield
rNeg    . . .      Spirit   .   y - +4 plate armour
rPois   +          Reflect  .   a - +3 hat of Pondering {ponderous, Will+ MP+10 Int+5}
rElec   .          Harm     .   w - +2 cloak {Stlth+}
rCorr   .          Rampage  .   i - +2 pair of gloves
Will    ++++.      Clarity  +   (no boots)
Stlth   ..........              o - amulet of regeneration
HPRegen 2.14/turn               l - +6 ring of dexterity
MPRegen 0.19/turn               m - ring of Aclunale {Fly rPois rF++ rC+ Str-4}

@: strong-willed, on berserk cooldown, flying, regenerating, slow
A: horns 2, retaliatory headbutt, thin skeletal structure 1, clarity
a: Renounce Religion, Berserk, Trog's Hand, Brothers in Arms


You were on level 2 of the Orcish Mines.
You worshipped Trog.
Trog was greatly pleased with you.
You visited 3 branches of the dungeon, and saw 22 of its levels.

You collected 1526 gold pieces.
You spent 200 gold pieces at shops.


Innate Abilities, Weirdness & Mutations

You have a pair of horns on your head.
You reflexively headbutt those who attack you in melee.
You have a somewhat thin skeletal structure. (Dex +2, Stealth+)
You possess an exceptional clarity of mind.


   Skills:
 - Level 16.0 Fighting
 + Level 16.7 Axes
 - Level 8.9 Throwing
 - Level 14.7 Armour
 - Level 9.1 Dodging
 - Level 15.6 Shields


You had 14 spell levels left.
You didn't know any spells.
Your spell library was empty.

Inventory:

Hand Weapons
 f - a +0 broad axe (weapon)
 r - a +0 hand axe of flaming
 Y - a +6 war axe of freezing
Missiles
 u - 14 boomerangs (quivered)
Armour
 a - the +3 hat of Pondering (worn) {ponderous, Will+ MP+10 Int+5}
   (You took it off Gastronok on level 2 of the Lair of Beasts)

   Int:       It affects your intelligence (+5).
   MP:        It affects your magic capacity (+10).
   Will:      It increases your willpower.
 i - a +2 pair of gloves (worn)
 q - a +0 tower shield (worn)
 v - the +1 pair of gloves "Bisag" {+Blink Int-5 Dex+6}
   (You found it on level 14 of the Dungeon)

   Int:       It affects your intelligence (-5).
   Dex:       It affects your dexterity (+6).
   +Blink:    It lets you blink.
 w - a +2 cloak of stealth (worn)
 y - a +4 plate armour (worn)
 z - a scarf of resistance
Jewellery
 b - a ring of ice
 h - a ring of poison resistance
 l - a +6 ring of dexterity (left hand)
 m - the ring of Aclunale (right hand) {Fly rPois rF++ rC+ Str-4}
   (You found it on level 7 of the Dungeon)

   [ring of protection from cold]

   Str:       It affects your strength (-4).
   rF:        It greatly protects you from fire.
   rC:        It protects you from cold.
   rPois:     It protects you from poison.
   Fly:       It grants you flight.
 o - an amulet of regeneration (around neck)
 t - a ring of poison resistance
Wands
 x - a wand of digging (4)
Scrolls
 e - 10 scrolls of identify
Potions
 c - 4 potions of resistance
 d - 13 potions of curing
 g - a potion of haste
 k - 5 potions of mutation
 p - 9 potions of might

Dungeon Overview and Level Annotations

Branches:
Dungeon (15/15)            Temple (0/1) D:7            Lair (5/5) D:9
 Shoals (0/4) Lair:3        Snake (0/4) Lair:3        Slime (0/5) Lair:5
    Orc (2/2) D:9          Vaults (0/5) D:13         Depths (0/4) D:15
    Elf: Orc:2

Altars:
Hepliaklqana
Okawaru
Uskayaw
Wu Jian
Yredelemnul
The Shining One
Jiyva

Shops:
D:4 :*[!   D:5 (   D:6 =   D:8 *   D:15 *

Portals:
Volcano: Orc:2

Annotations:
Lair:2 3 runed translucent doors, qw's ghost, journeyman MiBe


Message History

You block the orc warrior's attack. x2; The orc knight misses you.
You furiously retaliate!
You headbutt the orc knight!
You kill the orc knight!
Trog accepts your kill. You block the warg's attack.
You closely miss the warg.
You block the orc warrior's attack. x2; You block the warg's attack.
You hit the orc sorcerer.
The orc sorcerer is lightly wounded.
You miss the warg. You block the warg's attack.
You block the orc warrior's attack. The orc sorcerer closely misses you.
The orc warrior hits you from afar with a +0 halberd!
You hit the orc sorcerer.
You headbutt the orc sorcerer, but do no damage.
The orc sorcerer is lightly wounded.
You closely miss the warg. You block the warg's attack.
You block the orc warrior's attack. The orc warrior closely misses you.
The orc sorcerer barely misses you. The warg bites you.
You barely miss the orc sorcerer.
The orc sorcerer is lightly wounded.
You hit the warg. You block the orc warrior's attack.
The orc warrior closely misses you. The warg barely misses you.
You hit the orc sorcerer but do no damage.
You headbutt the orc sorcerer!
The orc sorcerer is heavily wounded.
You hit the warg. The warg barely misses you.
You block the orc warrior's attack.
The orc sorcerer hits you but does no damage.
The orc warrior throws a boomerang.
You block the boomerang.
You barely miss the orc sorcerer. Your headbutt misses the orc sorcerer.
The orc sorcerer is heavily wounded.
You slash the warg!
The orc warrior no longer looks unusually strong.
You block the warg's attack.
The orc high priest invokes the aid of Beogh against you.
Beogh smites you!
You die...

#####........#
###...........##
............####
.........##.#
........##).#
.###...####)#
#######..#
#.)o(.# #o)@..#
..'.'oh####
..###oo #.. ###


You could see an orc high priest (strong), a warg, an orc sorcerer (strong), 2
orc warriors and an orc (strong).

Vanquished Creatures
  Rupert (D:13)
  Frances (D:12)
  Gastronok (Lair:2)
  Kirke (D:15)
  Nessos (D:15)
  Snorg (Orc:1)
  An ettin (Orc:2)
  Fannar (Lair:3)
  3 vault guards (D:13)
  4 hydras
  4 boulder beetles
  A death knight (D:13)
  6 catoblepae
  5 centaur warriors
  3 two-headed ogres
  6 death yaks (Lair:5)
  An orc high priest (Orc:2)
  5 tengu warriors
  Sonja (D:12)
  Amaemon (Lair:1)
  10 skeletal warriors
  A deep elf zephyrmancer (D:15)
  A necromancer (D:15)
  A wizard (D:15)
  10 orc knights
  2 wolf spiders (Lair:3)
  3 orc sorcerers
  A deep elf pyromancer (D:15)
  8 manticores
  3 oklob plants (Lair:5)
  6 ugly things
  9 cyclopes
  A centaur zombie (D:15)
  6 cane toads
  An orange demon (Lair:1)
  A torpor snail (Lair:5)
  2 centaur skeletons (D:15)
  4 komodo dragons
  4 rime drakes
  2 freezing wraiths
  3 kobold demonologists
  An efreet (D:15)
  8 trolls
  2 tengu conjurers
  2 polar bears
  A queen bee (shapeshifter) (D:15)
  3 meliai (D:15)
  24 blink frogs
  A snapping turtle (Lair:3)
  4 shadows
  Sigmund (D:4)
  68 yaks
  3 wyverns
  Grum (D:9)
  6 wraiths
  A hog (D:15)
  4 basilisks
  Menkaure (D:7)
  2 acid dragons
  2 wargs (Orc:2)
  17 water moccasins
  A meliai simulacrum (D:15)
  15 orc warriors
  A swamp drake (D:9)
  4 black bears
  4 ogres
  21 wolves
  12 centaurs
  3 phantoms
  11 bullfrogs
  6 kobold brigands
  6 necrophages
  2 gnoll sergeants
  4 wights (D:9)
  A hornet simulacrum (D:15)
  15 killer bees
  10 howler monkeys
  10 orc priests
  5 hounds
  3 gnoll boudas
  3 iguanas
  Ijyb (D:5)
  16 orc wizards
  2 hell rats (Lair:4)
  Robin (D:2)
  6 adders
  18 gnolls
  5 river rats (Lair:4)
  A shadow imp (D:6)
  2 white imps
  2 dart slugs (D:3)
  57 orcs
  10 endoplasms
  6 giant cockroaches
  17 goblins
  13 hobgoblins
  4 jackals (D:1)
  30 kobolds
  3 quokkas
  7 ball pythons
  6 bats
  3 frilled lizards
  13 rats
639 creatures vanquished.

Vanquished Creatures (collateral kills)
  A vault guard (D:13)
  A boulder beetle (D:9)
  2 hydras
  An efreet (D:13)
  2 blink frogs (Lair:4)
  A hell rat (Lair:4)
  A river rat (Lair:4)
9 creatures vanquished.

Vanquished Creatures (others)
  2 humans (D:15)
  A rat (Lair:4)
  28 fungi
  47 plants
78 creatures vanquished.

Grand Total: 726 creatures vanquished

Notes
Turn   | Place    | Note
-------+----------+-------------------------------------------
     0 | D:1      | qw the Minotaur Berserker began the quest for the Orb.
     0 | D:1      | Reached XP level 1. HP: 19/19 MP: 0/0
     0 | D:1      | 0 ||| qw: Version: 0.1-a-119-g272c26d
     0 | D:1      | 0 ||| qw: Game counter: 11125
     0 | D:1      | 0 ||| qw: Always use a shield: true
     0 | D:1      | 0 ||| qw: Do Orc after D:15 true
     0 | D:1      | 0 ||| qw: Do second Lair branch before Depths: true
     0 | D:1      | 0 ||| qw: Lair rune preference: random
     0 | D:1      | 0 ||| qw: Plans: Normal
     0 | D:1      | 0 ||| PLANNING D:1-11
    10 | D:1      | Noticed a centaur
    21 | D:1      | 21 ||| Stepping ~*~*~tactically~*~*~ (stealth).
    30 | D:1      | 30 ||| Stepping ~*~*~tactically~*~*~ (stealth).
    60 | D:1      | You fall into a shaft and drop 1 floor!
   124 | D:2      | 124 ||| Stepping ~*~*~tactically~*~*~ (stealth).
   130 | D:2      | 130 ||| Stepping ~*~*~tactically~*~*~ (stealth).
   140 | D:2      | 140 ||| Stepping ~*~*~tactically~*~*~ (stealth).
   141 | D:2      | 141 ||| Stepping ~*~*~tactically~*~*~ (stealth).
   155 | D:2      | 155 ||| Stepping ~*~*~tactically~*~*~ (stealth).
   269 | D:2      | 269 ||| Stepping ~*~*~tactically~*~*~ (stealth).
   271 | D:2      | Noticed Robin
   273 | D:2      | 273 ||| INVOKING Berserk.
   273 | D:2      | HP: 7/28 [ball python (1)]
   276 | D:2      | HP: 3/28 [hobgoblin[Robin] (2)]
   279 | D:2      | Reached XP level 2. HP: 5/26 MP: 1/1
   286 | D:2      | HP: 5/39 [hobgoblin[Robin] (1)]
   288 | D:2      | Killed Robin
   289 | D:2      | Reached XP level 3. HP: 6/31 MP: 2/2
   291 | D:2      | 291 ||| FLEEEEING.
   292 | D:2      | 292 ||| FLEEEEING.
   294 | D:2      | 294 ||| STAIRDANCE
   298 | D:1      | HP: 2/31 [hobgoblin (3)]
   644 | D:1      | 644 ||| Stepping ~*~*~tactically~*~*~ (stealth).
   659 | D:1      | 659 ||| Stepping ~*~*~tactically~*~*~ (stealth).
   867 | D:1      | Found a faded altar of an unknown god.
   925 | D:1      | 925 ||| Stepping ~*~*~tactically~*~*~ (stealth).
  1437 | D:1      | 1437 ||| UPGRADING to +0 chain mail.
  1447 | D:1      | 1447 ||| DROPPING +0 animal skin.
  1448 | D:1      | 1448 ||| UPGRADING to +0 pair of gloves.
  1453 | D:1      | 1453 ||| UPGRADING to +0 cloak.
  1458 | D:1      | 1458 ||| UPGRADING to +6 ring of dexterity.
  1459 | D:1      | 1459 ||| READING scroll labelled ZEITTU FOFU.
  1460 | D:1      | 1460 ||| READING 2 scrolls labelled JUPSUA KUIGGIMP.
  1461 | D:1      | 1461 ||| READING 2 scrolls labelled IHAPNE YTZOBB.
  1462 | D:1      | 1462 ||| READING 2 scrolls labelled XUARCH WYAXEUMN.
  1463 | D:1      | 1463 ||| DRINKING 2 lumpy blue potions.
  1464 | D:1      | 1464 ||| DROPPING scroll of poison.
  1465 | D:1      | 1465 ||| DROPPING scroll of magic mapping.
  1466 | D:1      | 1466 ||| Stepping randomly (stuck).
  1467 | D:1      | 1467 ||| Stepping ~*~*~tactically~*~*~ (cloud).
  1471 | D:1      | HP: 7/31 [poisoned by you (poison gas)]
  1475 | D:1      | HP: 3/31 [poisoned by you (poison gas)]
  1785 | D:2      | 1785 ||| Stepping ~*~*~tactically~*~*~ (stealth).
  1848 | D:2      | 1848 ||| Stepping ~*~*~tactically~*~*~ (stealth).
  1911 | D:2      | Reached skill level 6 in Axes
  1911 | D:2      | Reached XP level 4. HP: 39/39 MP: 3/3
  1934 | D:2      | 1934 ||| Stepping ~*~*~tactically~*~*~ (stealth).
  1995 | D:2      | Reached ** piety under Trog
  2216 | D:2      | 2216 ||| DROPPING +0 mace.
  2507 | D:3      | 2507 ||| SWAPPING to +0 war axe.
  2510 | D:3      | 2510 ||| DROPPING +0 hand axe.
  2522 | D:3      | Noticed a phantom
  2537 | D:3      | Killed a phantom
  2538 | D:3      | Reached XP level 5. HP: 45/45 MP: 4/4
  3088 | D:3      | 3088 ||| Stepping ~*~*~tactically~*~*~ (stealth).
  3213 | D:3      | Found a glowing golden altar of the Shining One.
  3285 | D:3      | 3285 ||| DROPPING orb of guile.
  3286 | D:3      | 3286 ||| UPGRADING to amulet of regeneration.
  3291 | D:3      | 3291 ||| DROPPING amulet of the acrobat.
  3292 | D:3      | 3292 ||| READING scroll labelled YFFYSTR DYITRO.
  3293 | D:3      | 3293 ||| READING scroll labelled EGEPPA ICIT.
  3384 | D:4      | Found Jazits's Distillery.
  3385 | D:4      | Found Yskomoa's Antique Armour Emporium.
  3385 | D:4      | Found Uticitu's Book Emporium.
  3385 | D:4      | Found Konaeqa's Assorted Antiques.
  3393 | D:4      | 3393 ||| BUYING 2 potions of might (96 gold).
  3393 | D:4      | Bought 2 potions of might for 96 gold pieces
  3393 | D:4      | 3393 ||| BUYING potion of curing (36 gold).
  3393 | D:4      | Bought a potion of curing for 36 gold pieces
  3393 | D:4      | 3393 ||| SHOPLISTING potion of haste (120 gold, have 35).
  3393 | D:4      | 3393 ||| SHOPLISTING potion of might (48 gold, have 35).
  3400 | D:4      | 3400 ||| SHOPLISTING 2 fizzy emerald potions (41 gold, have
                  | 35).
  3400 | D:4      | 3400 ||| BUYING orange potion (20 gold).
  3400 | D:4      | Bought an orange potion for 20 gold pieces
  3400 | D:4      | 3400 ||| SHOPLISTING pearl ring (115 gold, have 15).
  3400 | D:4      | 3400 ||| SHOPLISTING steel ring (115 gold, have 15).
  3406 | D:4      | 3406 ||| SHOPLISTING plate armour (621 gold, have 15).
  3406 | D:4      | 3406 ||| SHOPLISTING runed ring mail (189 gold, have 15).
  3435 | D:4      | Reached *** piety under Trog
  3445 | D:4      | 3445 ||| INVOKING Berserk.
  3447 | D:4      | Reached XP level 6. HP: 35/52 MP: 5/5
  3714 | D:4      | Noticed Sigmund
  3715 | D:4      | 3715 ||| Stepping ~*~*~tactically~*~*~ (hiding).
  3717 | D:4      | 3717 ||| INVOKING Berserk.
  3725 | D:4      | 3725 ||| DRINKING 3 potions of curing.
  3725 | D:4      | 3725 ||| (to cure confusion)
  3727 | D:4      | 3727 ||| DRINKING 2 potions of curing.
  3727 | D:4      | 3727 ||| (to cure confusion)
  3728 | D:4      | Killed Sigmund
  4057 | D:4      | 4057 ||| READING scroll labelled ORECOKURAM.
  4058 | D:4      | 4058 ||| READING scroll labelled GAPI RIOPTYSM.
  4059 | D:4      | 4059 ||| READING 2 scrolls labelled DAOJAI IDUWN.
  4060 | D:4      | 4060 ||| FLEEEEING.
  4061 | D:4      | 4061 ||| FLEEEEING.
  4062 | D:4      | 4062 ||| FLEEEEING.
  4142 | D:4      | 4142 ||| DRINKING 2 orange potions.
  4192 | D:4      | 4192 ||| READING 2 scrolls of identify.
  4192 | D:4      | 4192 ||| IDENTIFYING inky potion
  4200 | D:4      | Reached XP level 7. HP: 54/59 MP: 6/6
  4231 | D:4      | 4231 ||| DROPPING +3 whip of freezing.
  4236 | D:4      | 4236 ||| DROPPING potion of flight.
  4237 | D:4      | 4237 ||| DROPPING potion of lignification.
  4266 | D:5      | Entered Level 5 of the Dungeon
  4278 | D:5      | 4278 ||| INVOKING Berserk.
  4283 | D:5      | Reached skill level 9 in Axes
  4435 | D:5      | Noticed Ijyb
  4436 | D:5      | 4436 ||| Stepping ~*~*~tactically~*~*~ (hiding).
  4438 | D:5      | 4438 ||| Stepping ~*~*~tactically~*~*~ (hiding).
  4441 | D:5      | 4441 ||| INVOKING Berserk.
  4445 | D:5      | Killed Ijyb
  4567 | D:5      | 4567 ||| Stepping ~*~*~tactically~*~*~ (stealth).
  4569 | D:5      | 4569 ||| INVOKING Berserk.
  4705 | D:5      | 4705 ||| FLEEEEING.
  4707 | D:5      | 4707 ||| FLEEEEING.
  4708 | D:5      | 4708 ||| FLEEEEING.
  4709 | D:5      | 4709 ||| FLEEEEING.
  4710 | D:5      | 4710 ||| FLEEEEING.
  4714 | D:5      | 4714 ||| INVOKING Berserk.
  4716 | D:5      | Reached skill level 1 in Throwing
  4716 | D:5      | Reached XP level 8. HP: 69/69 MP: 7/7
  4903 | D:5      | Reached skill level 6 in Fighting
  4917 | D:5      | 4917 ||| INVOKING Berserk.
  5084 | D:5      | 5084 ||| INVOKING Berserk.
  5205 | D:5      | Found Pemuat's Hydra Hut.
  5209 | D:5      | Noticed a seven-headed hydra
  5213 | D:5      | 5213 ||| SHOPLISTING +1 broad axe of flaming (198 gold,
                  | have 64).
  5213 | D:5      | 5213 ||| SHOPLISTING +1 hand axe of flaming (173 gold, have
                  | 64).
  5360 | D:5      | 5360 ||| READING scroll labelled GIESAOSTOI.
  5361 | D:5      | 5361 ||| READING scroll labelled HANI ROCUTH.
  5362 | D:5      | 5362 ||| READING scroll labelled CIANNEDILATT.
  5363 | D:5      | 5363 ||| DRINKING 2 murky orange potions.
  5468 | D:5      | 5468 ||| READING 3 scrolls of identify.
  5468 | D:5      | 5468 ||| IDENTIFYING fizzy emerald potion
  5469 | D:5      | 5469 ||| READING 2 scrolls of identify.
  5469 | D:5      | 5469 ||| IDENTIFYING bubbling ruby potion
  5470 | D:5      | 5470 ||| DROPPING potion of berserk rage.
  5471 | D:5      | 5471 ||| DROPPING potion of attraction.
  5501 | D:6      | 5501 ||| Stepping ~*~*~tactically~*~*~ (stealth).
  5577 | D:6      | 5577 ||| Stepping ~*~*~tactically~*~*~ (hiding).
  5594 | D:6      | Reached skill level 3 in Dodging
  5607 | D:6      | 5607 ||| INVOKING Berserk.
  5619 | D:6      | 5619 ||| Stepping ~*~*~tactically~*~*~ (stealth).
  5873 | D:6      | Found a hazy altar of Hepliaklqana.
  5897 | D:6      | Reached skill level 12 in Axes
  5984 | D:6      | 5984 ||| Stepping ~*~*~tactically~*~*~ (stealth).
  5987 | D:6      | 5987 ||| Stepping ~*~*~tactically~*~*~ (stealth).
  6004 | D:6      | 6004 ||| Stepping ~*~*~tactically~*~*~ (hiding).
  6008 | D:6      | 6008 ||| INVOKING Berserk.
  6024 | D:6      | Reached XP level 9. HP: 37/78 MP: 8/8
  6382 | D:6      | Found Xibung's Jewellery Shoppe.
  6388 | D:6      | 6388 ||| SHOPLISTING +4 ring of evasion (504 gold, have
                  | 156).
  6388 | D:6      | 6388 ||| SHOPLISTING +6 ring of dexterity (504 gold, have
                  | 156).
  6388 | D:6      | 6388 ||| SHOPLISTING amulet of reflection (420 gold, have
                  | 156).
  6388 | D:6      | 6388 ||| SHOPLISTING ring of fire (350 gold, have 156).
  6388 | D:6      | 6388 ||| SHOPLISTING ring of ice (350 gold, have 156).
  6388 | D:6      | 6388 ||| SHOPLISTING ring of poison resistance (280 gold,
                  | have 156).
  6388 | D:6      | 6388 ||| SHOPLISTING ring of willpower (350 gold, have
                  | 156).
  6496 | D:7      | 6496 ||| Stepping ~*~*~tactically~*~*~ (stealth).
  6518 | D:7      | 6518 ||| INVOKING Berserk.
  6524 | D:7      | Reached **** piety under Trog
  6536 | D:7      | 6536 ||| Stepping ~*~*~tactically~*~*~ (stealth).
  6538 | D:7      | 6538 ||| Stepping ~*~*~tactically~*~*~ (stealth).
  6539 | D:7      | 6539 ||| Stepping ~*~*~tactically~*~*~ (stealth).
  6574 | D:7      | 6574 ||| Stepping ~*~*~tactically~*~*~ (stealth).
  6614 | D:7      | 6614 ||| Stepping ~*~*~tactically~*~*~ (stealth).
  6637 | D:7      | 6637 ||| INVOKING Berserk.
  6653 | D:7      | 6653 ||| FLEEEEING.
  6654 | D:7      | 6654 ||| STAIRDANCE
  6756 | D:6      | 6756 ||| DRINKING 2 silvery potions.
  6770 | D:7      | 6770 ||| Stepping ~*~*~tactically~*~*~ (stealth).
  6771 | D:7      | 6771 ||| Stepping ~*~*~tactically~*~*~ (stealth).
  6798 | D:7      | Noticed Menkaure
  6802 | D:7      | 6802 ||| INVOKING Berserk.
  6803 | D:7      | Killed Menkaure
  6954 | D:7      | Found a hide-covered altar of Uskayaw.
  6981 | D:7      | 6981 ||| Stepping ~*~*~tactically~*~*~ (stealth).
  6989 | D:7      | 6989 ||| FLEEEEING.
  6990 | D:7      | 6990 ||| FLEEEEING.
  7005 | D:7      | 7005 ||| Stepping ~*~*~tactically~*~*~ (stealth).
  7060 | D:7      | Found a flagged portal.
  7198 | D:7      | Identified the ring of Aclunale {Fly rPois rF++ rC+ Str-4}
  7292 | D:7      | Found a staircase to the Ecumenical Temple.
  7357 | D:7      | 7357 ||| UPGRADING to +0 plate armour.
  7367 | D:7      | 7367 ||| DROPPING +0 chain mail.
  7368 | D:7      | 7368 ||| UPGRADING to ring of Aclunale {Fly rPois rF++ rC+
                  | Str-4}.
  7369 | D:7      | 7369 ||| READING 2 scrolls of identify.
  7369 | D:7      | 7369 ||| IDENTIFYING bubbling inky potion
  7370 | D:7      | 7370 ||| DROPPING potion of brilliance.
  7481 | D:8      | 7481 ||| Stepping ~*~*~tactically~*~*~ (hiding).
  7484 | D:8      | 7484 ||| Stepping ~*~*~tactically~*~*~ (hiding).
  7502 | D:8      | Reached skill level 6 in Armour
  7503 | D:8      | 7503 ||| Stepping ~*~*~tactically~*~*~ (stealth).
  7516 | D:8      | 7516 ||| Stepping ~*~*~tactically~*~*~ (stealth).
  7533 | D:8      | 7533 ||| INVOKING Berserk.
  7535 | D:8      | Reached XP level 10. HP: 60/89 MP: 9/9
  7793 | D:8      | Found an iron altar of Okawaru.
  7836 | D:8      | 7836 ||| Stepping ~*~*~tactically~*~*~ (stealth).
  7845 | D:8      | 7845 ||| Stepping ~*~*~tactically~*~*~ (hiding).
  7849 | D:8      | 7849 ||| Stepping ~*~*~tactically~*~*~ (hiding).
  7873 | D:8      | 7873 ||| INVOKING Berserk.
  8061 | D:8      | 8061 ||| FLEEEEING.
  8062 | D:8      | 8062 ||| FLEEEEING.
  8063 | D:8      | 8063 ||| FLEEEEING.
  8064 | D:8      | 8064 ||| FLEEEEING.
  8065 | D:8      | 8065 ||| FLEEEEING.
  8066 | D:8      | 8066 ||| FLEEEEING.
  8208 | D:8      | Reached skill level 15 in Axes
  8213 | D:8      | Found Jilogg's Assorted Antiques.
  8214 | D:8      | 8214 ||| Stepping ~*~*~tactically~*~*~ (stealth).
  8240 | D:8      | 8240 ||| BUYING puce potion (24 gold).
  8240 | D:8      | Bought a puce potion for 24 gold pieces
  8240 | D:8      | 8240 ||| BUYING puce potion (24 gold).
  8240 | D:8      | Bought a puce potion for 24 gold pieces
  8304 | D:8      | 8304 ||| DRINKING 2 puce potions.
  8305 | D:8      | 8305 ||| DRINKING 4 fuming black potions.
  8305 | D:8      | Gained mutation: You have a somewhat thin skeletal
                  | structure. (Dex +2, Stealth+) [potion of mutation]
  8305 | D:8      | Gained mutation: You possess an exceptional clarity of
                  | mind. [potion of mutation]
  8306 | D:8      | 8306 ||| READING 2 scrolls of identify.
  8306 | D:8      | 8306 ||| IDENTIFYING glowing brown potion
  8307 | D:8      | 8307 ||| DROPPING potion of ambrosia.
  8354 | D:9      | 8354 ||| STAIRDANCE
  8386 | D:9      | Noticed a cyclops
  8386 | D:9      | Noticed a boulder beetle
  8472 | D:9      | Noticed Grum
  8476 | D:9      | 8476 ||| INVOKING Berserk.
  8486 | D:9      | Reached skill level 9 in Fighting
  8491 | D:9      | Killed Grum
  8590 | D:9      | 8590 ||| Stepping ~*~*~tactically~*~*~ (stealth).
  8591 | D:9      | 8591 ||| Stepping ~*~*~tactically~*~*~ (stealth).
  8635 | D:9      | 8635 ||| Stepping ~*~*~tactically~*~*~ (stealth).
  8638 | D:9      | 8638 ||| Stepping ~*~*~tactically~*~*~ (stealth).
  8644 | D:9      | Reached ***** piety under Trog
  8650 | D:9      | 8650 ||| SWAPPING to +2 war axe.
  8651 | D:9      | 8651 ||| DROPPING +1 war axe.
  8652 | D:9      | 8652 ||| DROPPING +0 war axe.
  8659 | D:9      | 8659 ||| Stepping ~*~*~tactically~*~*~ (hiding).
  8660 | D:9      | 8660 ||| Stepping ~*~*~tactically~*~*~ (hiding).
  8661 | D:9      | 8661 ||| Stepping ~*~*~tactically~*~*~ (hiding).
  8662 | D:9      | 8662 ||| Stepping ~*~*~tactically~*~*~ (hiding).
  8668 | D:9      | 8668 ||| INVOKING Berserk.
  8720 | D:9      | 8720 ||| FLEEEEING.
  8721 | D:9      | 8721 ||| FLEEEEING.
  8775 | D:9      | Found a staircase to the Orcish Mines.
  8779 | D:9      | 8779 ||| INVOKING Berserk.
  8996 | D:9      | Found a staircase to the Lair.
  9001 | D:9      | 9001 ||| INVOKING Berserk.
  9066 | D:9      | 9066 ||| Stepping ~*~*~tactically~*~*~ (stealth).
  9112 | D:9      | 9112 ||| Stepping ~*~*~tactically~*~*~ (stealth).
  9113 | D:9      | 9113 ||| Stepping ~*~*~tactically~*~*~ (stealth).
  9115 | D:9      | 9115 ||| Stepping ~*~*~tactically~*~*~ (stealth).
  9120 | D:9      | 9120 ||| INVOKING Berserk.
  9240 | D:9      | 9240 ||| Stepping ~*~*~tactically~*~*~ (hiding).
  9242 | D:9      | 9242 ||| Stepping ~*~*~tactically~*~*~ (hiding).
  9252 | D:9      | 9252 ||| Stepping ~*~*~tactically~*~*~ (stealth).
  9256 | D:9      | 9256 ||| DROPPING +0 flail of holy wrath.
  9258 | D:9      | 9258 ||| Stepping ~*~*~tactically~*~*~ (stealth).
  9259 | D:9      | 9259 ||| Stepping ~*~*~tactically~*~*~ (stealth).
  9262 | D:9      | 9262 ||| INVOKING Berserk.
  9277 | D:9      | 9277 ||| Stepping ~*~*~tactically~*~*~ (stealth).
  9282 | D:9      | 9282 ||| Stepping ~*~*~tactically~*~*~ (stealth).
  9283 | D:9      | 9283 ||| Stepping ~*~*~tactically~*~*~ (stealth).
  9284 | D:9      | 9284 ||| Stepping ~*~*~tactically~*~*~ (stealth).
  9290 | D:9      | 9290 ||| Stepping ~*~*~tactically~*~*~ (stealth).
  9384 | D:9      | 9384 ||| INVOKING Berserk.
  9388 | D:9      | Reached XP level 11. HP: 97/97 MP: 10/10
  9539 | D:9      | 9539 ||| UPGRADING to +1 pair of gloves.
  9549 | D:9      | 9549 ||| DROPPING +0 pair of gloves.
  9566 | D:9      | 9566 ||| Stepping ~*~*~tactically~*~*~ (hiding).
  9569 | D:9      | Noticed a two-headed ogre
  9577 | D:9      | 9577 ||| INVOKING Berserk.
  9581 | D:9      | Killed a two-headed ogre
  9582 | D:9      | Reached skill level 9 in Armour
  9797 | D:9      | 9797 ||| Stepping ~*~*~tactically~*~*~ (stealth).
  9798 | D:9      | 9798 ||| INVOKING Brothers in Arms.
  9799 | D:9      | 9799 ||| INVOKING Brothers in Arms.
  9801 | D:9      | 9801 ||| INVOKING Berserk.
  9801 | D:9      | Killed a boulder beetle
  9812 | D:9      | HP: 22/99 [cyclops (13)]
  9813 | D:9      | 9813 ||| READING 3 scrolls of teleportation.
  9813 | D:9      | HP: 4/99 [cyclops (20)]
  9814 | D:9      | 9814 ||| DRINKING 2 potions of heal wounds.
  9853 | D:9      | 9853 ||| Stepping ~*~*~tactically~*~*~ (stealth).
  9856 | D:9      | 9856 ||| Stepping ~*~*~tactically~*~*~ (stealth).
  9857 | D:9      | 9857 ||| Stepping ~*~*~tactically~*~*~ (stealth).
  9860 | D:9      | 9860 ||| Stepping ~*~*~tactically~*~*~ (stealth).
  9880 | D:9      | 9880 ||| Stepping ~*~*~tactically~*~*~ (stealth).
 10367 | D:9      | 10367 ||| PLANNING LAIR
 10408 | Lair:1   | Entered Level 1 of the Lair of Beasts
 10426 | Lair:1   | Noticed Amaemon
 10434 | Lair:1   | Paralysed by Amaemon for 4 turns
 10438 | Lair:1   | 10438 ||| INVOKING Berserk.
 10439 | Lair:1   | Paralysed by Amaemon for 2 turns
 10449 | Lair:1   | Killed Amaemon
 10646 | Lair:1   | 10646 ||| Stepping ~*~*~tactically~*~*~ (hiding).
 10647 | Lair:1   | 10647 ||| Stepping ~*~*~tactically~*~*~ (hiding).
 10648 | Lair:1   | 10648 ||| Stepping ~*~*~tactically~*~*~ (hiding).
 10747 | Lair:1   | 10747 ||| INVOKING Berserk.
 10972 | Lair:1   | Noticed an oklob plant
 10973 | Lair:1   | 10973 ||| INVOKING Brothers in Arms.
 10974 | Lair:1   | 10974 ||| INVOKING Brothers in Arms.
 10989 | Lair:1   | HP: 22/102 [oklob plant/splash of acid (18)]
 10990 | Lair:1   | 10990 ||| READING 2 scrolls of teleportation.
 10991 | Lair:1   | 10991 ||| DRINKING potion of heal wounds.
 11471 | Lair:1   | 11471 ||| READING scroll labelled VEYSOO QETUYMOD.
 11566 | Lair:2   | 11566 ||| STAIRDANCE
 11571 | Lair:2   | 11571 ||| STAIRDANCE
 11582 | Lair:1   | Reached skill level 6 in Dodging
 11588 | Lair:2   | 11588 ||| STAIRDANCE
 11638 | Lair:2   | Found a runed translucent gate.
 11638 | Lair:2   | Found a runed translucent gate.
 11639 | Lair:2   | Found a runed translucent gate.
 11644 | Lair:2   | Noticed qw's ghost (journeyman MiBe)
 11644 | Lair:2   | Noticed qw's ghost (journeyman MiBe)
 11718 | Lair:2   | 11718 ||| INVOKING Berserk.
 11724 | Lair:2   | Reached skill level 12 in Fighting
 11905 | Lair:2   | 11905 ||| Stepping ~*~*~tactically~*~*~ (hiding).
 11941 | Lair:2   | 11941 ||| INVOKING Berserk.
 12082 | Lair:2   | 12082 ||| Stepping ~*~*~tactically~*~*~ (stealth).
 12085 | Lair:2   | 12085 ||| Stepping ~*~*~tactically~*~*~ (stealth).
 12088 | Lair:2   | 12088 ||| Stepping ~*~*~tactically~*~*~ (stealth).
 12106 | Lair:2   | Reached XP level 12. HP: 104/113 MP: 11/11
 12233 | Lair:2   | 12233 ||| INVOKING Berserk.
 12408 | Lair:2   | Noticed Gastronok
 12412 | Lair:2   | 12412 ||| INVOKING Berserk.
 12428 | Lair:2   | Killed Gastronok
 12802 | Lair:2   | 12802 ||| UPGRADING to +3 hat of Pondering {ponderous,
                  | Will+ MP+10 Int+5}.
 13000 | Lair:3   | Reached skill level 12 in Armour
 13134 | Lair:3   | Found a staircase to the Snake Pit.
 13149 | Lair:3   | Noticed Fannar
 13150 | Lair:3   | 13150 ||| Stepping ~*~*~tactically~*~*~ (hiding).
 13152 | Lair:3   | 13152 ||| Stepping ~*~*~tactically~*~*~ (hiding).
 13165 | Lair:3   | Killed Fannar
 13166 | Lair:3   | Reached skill level 3 in Throwing
 13310 | Lair:3   | 13310 ||| Stepping ~*~*~tactically~*~*~ (stealth).
 13314 | Lair:3   | 13314 ||| INVOKING Berserk.
 13331 | Lair:3   | Received a gift from Trog
 13672 | Lair:3   | Found a staircase to the Shoals.
 13674 | Lair:3   | 13674 ||| Stepping ~*~*~tactically~*~*~ (hiding).
 13761 | Lair:3   | 13761 ||| DROPPING amulet of guardian spirit.
 13787 | Lair:4   | 13787 ||| STAIRDANCE
 13838 | Lair:4   | 13838 ||| Stepping ~*~*~tactically~*~*~ (stealth).
 13856 | Lair:4   | 13856 ||| Stepping ~*~*~tactically~*~*~ (stealth).
 13858 | Lair:4   | 13858 ||| Stepping ~*~*~tactically~*~*~ (stealth).
 13892 | Lair:4   | 13892 ||| Stepping ~*~*~tactically~*~*~ (stealth).
 13894 | Lair:4   | 13894 ||| Stepping ~*~*~tactically~*~*~ (stealth).
 13895 | Lair:4   | 13895 ||| INVOKING Berserk.
 13903 | Lair:4   | 13903 ||| INVOKING Brothers in Arms.
 14113 | Lair:4   | 14113 ||| INVOKING Berserk.
 14137 | Lair:4   | 14137 ||| INVOKING Brothers in Arms.
 14138 | Lair:4   | 14138 ||| INVOKING Brothers in Arms.
 14271 | Lair:4   | 14271 ||| INVOKING Berserk.
 14284 | Lair:4   | Reached skill level 6 in Throwing
 14300 | Lair:4   | Reached XP level 13. HP: 107/124 MP: 12/12
 14421 | Lair:4   | 14421 ||| Stepping ~*~*~tactically~*~*~ (stealth).
 14422 | Lair:4   | 14422 ||| Stepping ~*~*~tactically~*~*~ (stealth).
 14553 | Lair:4   | 14553 ||| INVOKING Brothers in Arms.
 14554 | Lair:4   | 14554 ||| INVOKING Berserk.
 14570 | Lair:4   | 14570 ||| Stepping ~*~*~tactically~*~*~ (cloud).
 14571 | Lair:4   | 14571 ||| Stepping ~*~*~tactically~*~*~ (cloud).
 14572 | Lair:4   | 14572 ||| Stepping ~*~*~tactically~*~*~ (cloud).
 14580 | Lair:4   | 14580 ||| Stepping ~*~*~tactically~*~*~ (cloud).
 14581 | Lair:4   | 14581 ||| Stepping ~*~*~tactically~*~*~ (cloud).
 14750 | Lair:4   | 14750 ||| INVOKING Berserk.
 15042 | Lair:4   | 15042 ||| UPGRADING to +2 cloak of stealth.
 15052 | Lair:4   | 15052 ||| DROPPING +0 cloak.
 15053 | Lair:4   | 15053 ||| READING scroll labelled GOOZIEDOURPH.
 15054 | Lair:4   | 15054 ||| READING scroll labelled KYAFUI YTODAEMN.
 15184 | Lair:5   | Entered Level 5 of the Lair of Beasts
 15187 | Lair:5   | 15187 ||| STAIRDANCE
 15202 | Lair:5   | 15202 ||| STAIRDANCE
 15265 | Lair:5   | 15265 ||| FLEEEEING.
 15266 | Lair:5   | 15266 ||| FLEEEEING.
 15267 | Lair:5   | 15267 ||| FLEEEEING.
 15268 | Lair:5   | 15268 ||| FLEEEEING.
 15269 | Lair:5   | 15269 ||| FLEEEEING.
 15270 | Lair:5   | 15270 ||| FLEEEEING.
 15271 | Lair:5   | 15271 ||| FLEEEEING.
 15272 | Lair:5   | 15272 ||| FLEEEEING.
 15273 | Lair:5   | 15273 ||| FLEEEEING.
 15274 | Lair:5   | 15274 ||| FLEEEEING.
 15275 | Lair:5   | 15275 ||| FLEEEEING.
 15276 | Lair:5   | 15276 ||| FLEEEEING.
 15277 | Lair:5   | 15277 ||| FLEEEEING.
 15278 | Lair:5   | 15278 ||| FLEEEEING.
 15279 | Lair:5   | 15279 ||| STAIRDANCE
 15283 | Lair:5   | 15283 ||| INVOKING Berserk.
 15291 | Lair:5   | 15291 ||| STAIRDANCE
 15480 | Lair:5   | Found a staircase to the Slime Pits.
 15481 | Lair:5   | Found a viscous altar of Jiyva.
 15494 | Lair:5   | 15494 ||| INVOKING Berserk.
 15582 | Lair:5   | 15582 ||| Stepping ~*~*~tactically~*~*~ (stealth).
 15600 | Lair:5   | 15600 ||| Stepping ~*~*~tactically~*~*~ (stealth).
 15604 | Lair:5   | 15604 ||| Stepping ~*~*~tactically~*~*~ (stealth).
 15612 | Lair:5   | 15612 ||| INVOKING Berserk.
 15796 | Lair:5   | 15796 ||| Stepping ~*~*~tactically~*~*~ (stealth).
 15799 | Lair:5   | 15799 ||| INVOKING Berserk.
 15809 | Lair:5   | 15809 ||| Stepping ~*~*~tactically~*~*~ (stealth).
 15827 | Lair:5   | 15827 ||| Stepping ~*~*~tactically~*~*~ (cloud).
 15836 | Lair:5   | 15836 ||| Stepping ~*~*~tactically~*~*~ (cloud).
 15847 | Lair:5   | 15847 ||| Stepping ~*~*~tactically~*~*~ (cloud).
 15848 | Lair:5   | 15848 ||| Stepping ~*~*~tactically~*~*~ (cloud).
 15851 | Lair:5   | 15851 ||| INVOKING Berserk.
 15884 | Lair:5   | Found a basalt altar of Yredelemnul.
 15885 | Lair:5   | 15885 ||| FLEEEEING.
 15889 | Lair:5   | 15889 ||| FLEEEEING.
 16013 | Lair:5   | 16013 ||| FLEEEEING.
 16037 | Lair:5   | 16037 ||| INVOKING Berserk.
 16254 | Lair:5   | 16254 ||| INVOKING Berserk.
 16386 | Lair:5   | 16386 ||| INVOKING Berserk.
 16402 | Lair:5   | Reached skill level 15 in Fighting
 16546 | Lair:5   | 16546 ||| INVOKING Brothers in Arms.
 16548 | Lair:5   | 16548 ||| SWAPPING to +0 hand axe of flaming.
 16549 | Lair:5   | 16549 ||| INVOKING Berserk.
 16558 | Lair:5   | 16558 ||| SWAPPING to +3 war axe.
 17018 | Lair:5   | 17018 ||| INVOKING Berserk.
 17149 | Lair:5   | 17149 ||| Stepping ~*~*~tactically~*~*~ (stealth).
 17150 | Lair:5   | 17150 ||| Stepping ~*~*~tactically~*~*~ (stealth).
 17151 | Lair:5   | 17151 ||| INVOKING Berserk.
 17262 | Lair:5   | 17262 ||| INVOKING Berserk.
 17288 | Lair:5   | 17288 ||| Stepping ~*~*~tactically~*~*~ (stealth).
 17434 | Lair:5   | 17434 ||| Stepping randomly (cloudy).
 17435 | Lair:5   | 17435 ||| Stepping ~*~*~tactically~*~*~ (cloud).
 17436 | Lair:5   | 17436 ||| INVOKING Berserk.
 17628 | Lair:5   | 17628 ||| Stepping ~*~*~tactically~*~*~ (stealth).
 17631 | Lair:5   | 17631 ||| INVOKING Berserk.
 17790 | Lair:5   | 17790 ||| PLANNING D:1-11
 17876 | D:10     | Entered Level 10 of the Dungeon
 17878 | D:10     | 17878 ||| STAIRDANCE
 17905 | D:10     | 17905 ||| READING 2 scrolls of teleportation.
 17917 | D:10     | 17917 ||| READING scroll of enchant armour.
 17917 | D:10     | 17917 ||| ENCHANTING +1 pair of gloves.
 18019 | D:10     | 18019 ||| Stepping ~*~*~tactically~*~*~ (stealth).
 18049 | D:10     | 18049 ||| Stepping ~*~*~tactically~*~*~ (stealth).
 18449 | D:10     | 18449 ||| Stepping ~*~*~tactically~*~*~ (stealth).
 18457 | D:10     | 18457 ||| Stepping ~*~*~tactically~*~*~ (stealth).
 18458 | D:10     | 18458 ||| Stepping ~*~*~tactically~*~*~ (stealth).
 18459 | D:10     | 18459 ||| Stepping ~*~*~tactically~*~*~ (stealth).
 18898 | D:11     | 18898 ||| Stepping ~*~*~tactically~*~*~ (hiding).
 18899 | D:11     | 18899 ||| Stepping ~*~*~tactically~*~*~ (hiding).
 18901 | D:11     | 18901 ||| INVOKING Berserk.
 19086 | D:11     | 19086 ||| Stepping ~*~*~tactically~*~*~ (hiding).
 19218 | D:11     | 19218 ||| READING 3 scrolls of enchant weapon.
 19218 | D:11     | 19218 ||| ENCHANTING +3 war axe.
 19219 | D:11     | 19219 ||| READING 2 scrolls of enchant weapon.
 19219 | D:11     | 19219 ||| ENCHANTING +4 war axe.
 19220 | D:11     | 19220 ||| READING scroll of enchant weapon.
 19220 | D:11     | 19220 ||| ENCHANTING +5 war axe.
 19258 | D:11     | 19258 ||| Stepping ~*~*~tactically~*~*~ (hiding).
 19267 | D:11     | Reached XP level 14. HP: 136/136 MP: 13/13
 19411 | D:11     | 19411 ||| Stepping ~*~*~tactically~*~*~ (hiding).
 19486 | D:11     | 19486 ||| READING scroll labelled EMENOH OMPUCWY.
 19487 | D:11     | 19487 ||| READING 9 scrolls of identify.
 19487 | D:11     | 19487 ||| IDENTIFYING lumpy green potion
 19488 | D:11     | 19488 ||| DROPPING potion of invisibility.
 19526 | D:10     | 19526 ||| PLANNING D
 19551 | D:12     | 19551 ||| Stepping ~*~*~tactically~*~*~ (stealth).
 19552 | D:12     | 19552 ||| Stepping ~*~*~tactically~*~*~ (stealth).
 19574 | D:12     | Found an ornate altar of the Wu Jian Council.
 19643 | D:12     | 19643 ||| INVOKING Brothers in Arms.
 19644 | D:12     | 19644 ||| INVOKING Brothers in Arms.
 19645 | D:12     | 19645 ||| SWAPPING to +0 hand axe of flaming.
 19646 | D:12     | 19646 ||| INVOKING Berserk.
 19658 | D:12     | 19658 ||| SWAPPING to +6 war axe of freezing.
 19767 | D:12     | Reached skill level 9 in Dodging
 19992 | D:12     | 19992 ||| INVOKING Brothers in Arms.
 19993 | D:12     | 19993 ||| INVOKING Brothers in Arms.
 19994 | D:12     | 19994 ||| SWAPPING to +0 hand axe of flaming.
 19995 | D:12     | 19995 ||| INVOKING Berserk.
 20002 | D:12     | 20002 ||| SWAPPING to +6 war axe of freezing.
 20114 | D:12     | Noticed Frances
 20119 | D:12     | 20119 ||| INVOKING Berserk.
 20126 | D:12     | Killed Frances
 20242 | D:12     | Noticed Sonja
 20249 | D:12     | Killed Sonja
 20576 | D:12     | 20576 ||| UPGRADING to +0 buckler.
 20581 | D:12     | 20581 ||| UPGRADING to +2 buckler of protection.
 20591 | D:12     | 20591 ||| DROPPING +0 buckler.
 20633 | D:13     | Found a frozen archway.
 20637 | D:13     | Reached skill level 1 in Shields
 20657 | D:13     | 20657 ||| INVOKING Berserk.
 20659 | D:13     | Noticed Rupert
 20671 | D:13     | 20671 ||| INVOKING Trog's Hand.
 20680 | D:13     | Killed Rupert
 20899 | D:13     | 20899 ||| INVOKING Berserk.
 21063 | D:13     | Reached skill level 6 in Shields
 21143 | D:13     | Found a gate to the Vaults.
 21144 | D:13     | 21144 ||| INVOKING Brothers in Arms.
 21145 | D:13     | 21145 ||| INVOKING Brothers in Arms.
 21148 | D:13     | 21148 ||| SWAPPING to +0 hand axe of flaming.
 21151 | D:13     | 21151 ||| Stepping ~*~*~tactically~*~*~ (cloud).
 21152 | D:13     | 21152 ||| SWAPPING to +6 war axe of freezing.
 21153 | D:13     | 21153 ||| SWAPPING to +0 hand axe of flaming.
 21154 | D:13     | 21154 ||| INVOKING Berserk.
 21189 | D:13     | 21189 ||| SWAPPING to +6 war axe of freezing.
 21199 | D:13     | 21199 ||| Stepping ~*~*~tactically~*~*~ (cloud).
 21203 | D:13     | 21203 ||| Stepping ~*~*~tactically~*~*~ (cloud).
 21320 | D:13     | Reached skill level 9 in Shields
 21470 | D:13     | 21470 ||| UPGRADING to +0 tower shield.
 21480 | D:13     | 21480 ||| DROPPING +2 buckler of protection.
 21513 | D:14     | 21513 ||| Stepping ~*~*~tactically~*~*~ (stealth).
 21514 | D:14     | 21514 ||| INVOKING Berserk.
 21668 | D:14     | 21668 ||| Stepping ~*~*~tactically~*~*~ (stealth).
 21674 | D:14     | 21674 ||| Stepping ~*~*~tactically~*~*~ (stealth).
 21676 | D:14     | 21676 ||| Stepping ~*~*~tactically~*~*~ (stealth).
 21733 | D:14     | 21733 ||| Stepping ~*~*~tactically~*~*~ (hiding).
 21736 | D:14     | 21736 ||| Stepping ~*~*~tactically~*~*~ (cloud).
 21737 | D:14     | 21737 ||| INVOKING Berserk.
 21765 | D:14     | HP: 34/137 [skeletal warrior/+0 glaive (9)]
 21766 | D:14     | 21766 ||| READING 2 scrolls of teleportation.
 21768 | D:14     | 21768 ||| DRINKING 2 potions of heal wounds.
 21768 | D:14     | Found a glowing golden altar of the Shining One.
 21879 | D:14     | 21879 ||| INVOKING Berserk.
 21956 | D:14     | Identified the +1 pair of gloves "Bisag" {+Blink Int-5
                  | Dex+6}
 22148 | D:14     | 22148 ||| Stepping ~*~*~tactically~*~*~ (stealth).
 22149 | D:14     | 22149 ||| Stepping ~*~*~tactically~*~*~ (stealth).
 22159 | D:14     | 22159 ||| INVOKING Berserk.
 22643 | D:15     | Entered Level 15 of the Dungeon
 22644 | D:15     | 22644 ||| INVOKING Brothers in Arms.
 22645 | D:15     | 22645 ||| SWAPPING to +0 hand axe of flaming.
 22646 | D:15     | 22646 ||| INVOKING Berserk.
 22649 | D:15     | Reached skill level 12 in Shields
 22649 | D:15     | Reached XP level 15. HP: 144/144 MP: 14/14
 22652 | D:15     | 22652 ||| SWAPPING to +6 war axe of freezing.
 22764 | D:15     | 22764 ||| INVOKING Berserk.
 22885 | D:15     | 22885 ||| INVOKING Berserk.
 23060 | D:15     | 23060 ||| INVOKING Berserk.
 23204 | D:15     | Noticed Kirke
 23205 | D:15     | 23205 ||| INVOKING Trog's Hand.
 23211 | D:15     | 23211 ||| INVOKING Berserk.
 23213 | D:15     | Killed Kirke
 23221 | D:15     | 23221 ||| SWAPPING to +0 hand axe of flaming.
 23228 | D:15     | 23228 ||| SWAPPING to +6 war axe of freezing.
 23252 | D:15     | 23252 ||| FLEEEEING.
 23253 | D:15     | 23253 ||| FLEEEEING.
 23254 | D:15     | 23254 ||| FLEEEEING.
 23258 | D:15     | 23258 ||| FLEEEEING.
 23259 | D:15     | 23259 ||| FLEEEEING.
 23260 | D:15     | 23260 ||| FLEEEEING.
 23316 | D:15     | Found Nenwie's Gadget Gallery.
 23321 | D:15     | 23321 ||| Stepping ~*~*~tactically~*~*~ (hiding).
 23323 | D:15     | 23323 ||| Stepping ~*~*~tactically~*~*~ (hiding).
 23409 | D:15     | Noticed Nessos
 23416 | D:15     | Killed Nessos
 23527 | D:15     | 23527 ||| Stepping ~*~*~tactically~*~*~ (hiding).
 23793 | D:15     | 23793 ||| INVOKING Trog's Hand.
 23798 | D:15     | 23798 ||| Stepping ~*~*~tactically~*~*~ (hiding).
 23799 | D:15     | 23799 ||| INVOKING Berserk.
 23924 | D:15     | Found a staircase to the Depths.
 23943 | D:15     | 23943 ||| PLANNING ORC
 23943 | D:15     | 23943 ||| UPGRADING to +4 plate armour.
 23953 | D:15     | 23953 ||| DROPPING +0 plate armour.
 24108 | Orc:1    | Entered Level 1 of the Orcish Mines
 24118 | Orc:1    | Noticed Snorg
 24121 | Orc:1    | 24121 ||| INVOKING Berserk.
 24128 | Orc:1    | Killed Snorg
 24354 | Orc:2    | Entered Level 2 of the Orcish Mines
 24355 | Orc:2    | 24355 ||| INVOKING Trog's Hand.
 24357 | Orc:2    | 24357 ||| INVOKING Berserk.
 24362 | Orc:2    | Reached skill level 15 in Shields
 24558 | Orc:2    | Found a dark tunnel.
 24580 | Orc:2    | 24580 ||| INVOKING Berserk.
 24607 | Orc:2    | 24607 ||| INVOKING Trog's Hand.
 24611 | Orc:2    | HP: 29/144 [orc warrior/+0 glaive[an orc high priest] (17)]
 24612 | Orc:2    | 24612 ||| READING scroll of teleportation.
 24613 | Orc:2    | 24613 ||| DRINKING 2 potions of heal wounds.
 24695 | Orc:2    | 24695 ||| Stepping ~*~*~tactically~*~*~ (stealth).
 24697 | Orc:2    | 24697 ||| Stepping ~*~*~tactically~*~*~ (hiding).
 24702 | Orc:2    | 24702 ||| INVOKING Berserk.
 24842 | Orc:2    | 24842 ||| SWAPPING to +0 broad axe.
 24843 | Orc:2    | 24843 ||| INVOKING Berserk.
 24888 | Orc:2    | 24888 ||| INVOKING Berserk.
 24898 | Orc:2    | 24898 ||| Stepping ~*~*~tactically~*~*~ (hiding).
 24899 | Orc:2    | 24899 ||| INVOKING Trog's Hand.
 24926 | Orc:2    | HP: 18/144 [ettin/+0 dire flail (23)]
 24927 | Orc:2    | 24927 ||| DRINKING potion of heal wounds.
 24931 | Orc:2    | 24931 ||| INVOKING Trog's Hand.
 24931 | Orc:2    | HP: 11/144 [troll[an orc knight] (1)]
 24932 | Orc:2    | HP: 4/144 [orc warrior/+0 trident[an orc knight] (9)]
 24937 | Orc:2    | HP: 4/144 [orc warrior/+0 halberd[an orc knight] (10)]
 24941 | Orc:2    | Killed from afar by an orc high priest

Levels and vault maps discovered:
D:1:      evilmike_arrival_come_back, layout_basic,
          hellmonk_ecumenical_altar_crossroads
D:2:      layout_basic, nicolae_concentric_dashed_squares_wild, uniq_robin
D:3:      layout_basic, mainiacjoe_overflow_surrounded_room
D:4:      cheibrodos_quashed, layout_basic, minmay_shop_grid_forest,
          nicolae_concentric_dashed_squares_mild, grunt_decor_cap,
          minmay_misc_feat_alley, uniq_sigmund
D:5:      layout_cave_pools, doesnt_shop_hydraphobe, uniq_ijyb
D:6:      layout_basic, nzn_hepliaklqana_mist_gate, serial_shops, shop
D:7:      layout_cave_pools, kennysheep_little_box,
          minmay_temple_entry_glassed_door, enter_bailey_5, grunt_ministairs_5,
          uniq_menkaure
D:8:      layout_rooms, kennysheep_mini, kennysheep_diamond
D:9:      layout_grid_maze, grunt_lair_entry_orc_guard_hut, erik_orc_1,
          minmay_fractal_squares_gapless_7, uniq_grum
D:10:     layout_loops_corners, nicolae_elevator_lobby_plus
D:11:     layout_rooms
D:12:     layout_gridville, nicolae_wu_jian_wuxing_cycle, uniq_frances,
          uniq_sonja
D:13:     layout_cave_pools, lightli_vaults_fourway_checkpoint,
          portal_ice_cave_rime, uniq_rupert
D:14:     layout_roguey, tso_metal_star
D:15:     grunt_enter_depths_magical_seal, layout_irregular_city,
          nicolae_shop_gadgets, uniq_nessos, uniq_kirke
Lair:1:   layout_hall_layers, minmay_lair_oklob_items, grunt_megastairs_2,
          lemuel_fruit_tree, uniq_amaemon
Lair:2:   layout_roguey, gammafunk_ghost_cemetery, grunt_megastairs_1,
          uniq_gastronok
Lair:3:   layout_gridlike, minmay_shoals_entry_hut, dummy_snake_entry,
          nicolae_lair_run_with_the_wolves, uniq_fannar
Lair:4:   layout_cave_shapes, kennysheep_abandoned_house
Lair:5:   evilmike_catoblepas_cave, layout_cave_pods,
          minmay_slime_entry_oklob_open, lemuel_oklob_altar
Orc:1:    layout_caves, basic_altar, uniq_snorg
Orc:2:    hellmonk_orc_salted, layout_caves, enter_volcano_4

Skill      XL: |  1  2  3  4  5  6  7  8  9 10 11 12 13 14 15 |
---------------+----------------------------------------------+-----
Axes           | 4 5 6 7 8 10 12 13 16 | 16.7
Fighting       | 4 5 6 8 9 12 14 15 16 | 16.0
Armour         | 4 7 8 11 12 14 | 14.7
Throwing       | 1 2 6 8 |  8.9
Dodging        | 3 4 6 7 8 9 |  9.1
Shields        | 12 15 | 15.6

Action                   |  1- 3 |  4- 6 |  7- 9 | 10-12 | 13-15 || total
-------------------------+-------+-------+-------+-------+-------++-------
Melee: Hand axe          |    65 |    28 |       |       |    49 ||   142
       Punch             |     2 |     1 |     1 |    11 |     3 ||    18
       Headbutt          |     8 |    19 |    33 |   126 |   233 ||   419
       War axe           |       |    92 |   192 |   566 |   651 ||  1501
       Broad axe         |       |       |       |       |    77 ||    77
Throw: Boomerang         |       |     4 |    55 |    96 |    50 ||   205
       Javelin           |       |       |       |    13 |   105 ||   118
Invok: Berserk           |     1 |     2 |    12 |    20 |    39 ||    74
       Brothers in Arms  |       |       |       |     4 |     6 ||    10
       Trog's Hand       |       |       |       |       |     7 ||     7
  Use: Scroll            |     4 |     6 |     6 |     4 |    11 ||    31
       Potion            |     1 |     3 |     2 |     4 |     3 ||    13
 Stab: Petrified         |       |       |       |       |    15 ||    15
       Petrifying        |       |       |       |       |    10 ||    10
Armor: Animal skin       |     9 |       |       |       |       ||     9
       Chain mail        |     9 |    61 |    63 |       |       ||   133
       Plate armour      |       |       |    10 |   270 |   415 ||   695
Dodge: Dodged            |    28 |    43 |    66 |   203 |   295 ||   635
Block: Tower shield      |       |       |       |       |   409 ||   409
       Buckler           |       |       |       |       |    30 ||    30

Table legend:
 A = Non-vault XP
 B = Vault XP
 C = Vault XP percentage of total XP
 D = Non-vault monster count
 E = Vault monster count
 F = Vault count percentage of total count
                 A         B        C        D         E       F
            +---------+---------+-------+---------+---------+-------
      Total |   83070 |   54466 |  39.6 |     487 |     161 |  24.8
            +---------+---------+-------+---------+---------+-------
        D:1 |      26 |       0 |   0.0 |      14 |       0 |   0.0
        D:2 |      78 |      34 |  30.4 |      26 |      11 |  29.7
        D:3 |     163 |       0 |   0.0 |      25 |       0 |   0.0
        D:4 |     224 |     226 |  50.2 |      15 |       1 |   6.2
        D:5 |    1095 |      36 |   3.2 |      19 |       1 |   5.0
        D:6 |    1234 |       0 |   0.0 |      24 |       0 |   0.0
        D:7 |     927 |     266 |  22.3 |      24 |       7 |  22.6
        D:8 |    3013 |     197 |   6.1 |      35 |       2 |   5.4
        D:9 |    2900 |    4073 |  58.4 |      26 |      33 |  55.9
       D:10 |    2454 |       0 |   0.0 |      33 |       0 |   0.0
       D:11 |    3336 |       0 |   0.0 |      12 |       0 |   0.0
       D:12 |    4686 |    2354 |  33.4 |      19 |       2 |   9.5
       D:13 |    6570 |   10755 |  62.1 |      12 |      15 |  55.6
       D:14 |   11985 |       0 |   0.0 |      18 |       0 |   0.0
       D:15 |   13748 |    7163 |  34.3 |      34 |      12 |  26.1
     Lair:1 |    1936 |    1788 |  48.0 |      10 |       5 |  33.3
     Lair:2 |    5473 |    1871 |  25.5 |      28 |       3 |   9.7
     Lair:3 |    2709 |    2856 |  51.3 |      12 |       9 |  42.9
     Lair:4 |    7487 |    1025 |  12.0 |      32 |      16 |  33.3
     Lair:5 |    8347 |   12550 |  60.1 |      33 |      26 |  44.1
      Orc:1 |       0 |     945 | 100.0 |       0 |       1 | 100.0
      Orc:2 |    4679 |    8327 |  64.0 |      36 |      17 |  32.1
            +---------+---------+-------+---------+---------+-------
